 Dungeon Crawl Stone Soup version 0.24.0-13-gcf9b319 (webtiles) character file.

Game seed: 14685241243637788959, levelgen mode: deterministic

921 DrKleor the Carver (level 8, -1/60 (62) HPs)
             Began as a Formicid Fighter on Nov 29, 2019.
             Was a Follower of Okawaru.
             Killed by divine providence
             ... invoked by an orc priest
              (14 damage)
             ... on level 6 of the Dungeon.
             The game lasted 00:08:12 (5196 turns).

DrKleor the Carver (Formicid Fighter)               Turns: 5196, Time: 00:08:13

HP:   -1/60 (62)    AC:  6    Str: 23    XL:     8   Next: 31%
MP:   8/8           EV:  8    Int:  8    God:    Okawaru [*.....]
Gold: 363           SH:  9    Dex: 10    Spells: 7/7 levels left

rFire    + . .     SeeInvis +   a - +0 long sword
rCold    x . .     Gourm    .   c - +0 shield
rNeg     . . .     Faith    .   b - +0 scale mail
rPois    .         Spirit   .   (helmet unavailable)
rElec    .         Reflect  .   (no cloak)
rCorr    .         Harm     .   (no gloves)
MR       .....                  (no boots)
Stlth    ..........             (no amulet)
HPRegen  0.20/turn              o - +2 ring of slaying
MPRegen  0.11/turn              z - ring of fire

@: no status effects
A: permanent stasis, dig shafts and tunnels, four strong arms, antennae 3
a: Dig, Shaft Self, Heroism, Renounce Religion


You were on level 6 of the Dungeon.
You worshipped Okawaru.
Okawaru was aware of your devotion.
You were not hungry.

You visited 1 branch of the dungeon, and saw 6 of its levels.

You collected 363 gold pieces.

Inventory:

Hand Weapons
 a - a +0 long sword (weapon)
Armour
 b - a +0 scale mail (worn)
 c - a +0 shield (worn)
Jewellery
 o - a +2 ring of slaying (left hand)
 z - a ring of fire (right hand)
Wands
 h - a wand of flame (8)
 n - a wand of iceblast (5)
 x - a wand of random effects (8)
 y - a wand of disintegration (16)
Scrolls
 e - 2 scrolls of random uselessness {unknown}
 g - 12 scrolls of remove curse {unknown}
 j - 3 scrolls of fear {unknown}
 l - 2 scrolls of enchant weapon {unknown}
 m - 5 scrolls of immolation {unknown}
 p - 5 scrolls of identify {unknown}
 q - a scroll of blinking {unknown}
 v - 3 scrolls of magic mapping {unknown}
 w - 2 scrolls of teleportation {unknown}
Potions
 d - a potion of flight {unknown}
 i - a potion of lignification {unknown}
 k - a potion of agility {unknown}
 r - 3 potions of curing
 s - 2 potions of degeneration {unknown}
 t - a potion of cancellation {unknown}
 u - a potion of brilliance {unknown}
 A - a potion of magic {unknown}
 B - a potion of invisibility {unknown}
Comestibles
 f - 8 rations
 C - 3 chunks of flesh


   Skills:
 - Level 5.3 Fighting
 + Level 8.4 Long Blades
 - Level 3.2 Armour
 - Level 3.6 Shields


You had 7 spell levels left.
You didn't know any spells.
Your spell library was empty.

Dungeon Overview and Level Annotations

Branches:
Dungeon (6/15)
 Temple: D:4-7

Altars:
Dithmenos
Elyvilon
Fedhas
Hepliaklqana
Kikubaaqudgha
Okawaru
Uskayaw
Xom
Yredelemnul


Innate Abilities, Weirdness & Mutations

You cannot be hasted, slowed, berserked, paralysed or teleported.
You can dig through walls and to a lower floor.
Your four strong arms can wield two-handed weapons with a shield.
You have a pair of large antennae on your head. (SInv)


Message History

You see here an arrow.
The centaur shoots an arrow.
The arrow hits you but does no damage.
An orc warrior comes into view. It is wielding a +0 long sword.
The iguana hisses menacingly.
The orc wizard casts a spell.
The orc wizard seems to speed up.
An orc wizard comes into view. It is wielding a +1 dagger of draining.
The orc wizard shouts!
You block the orc warrior's attack.
An orc priest comes into view. It is wielding a +0 whip.
You block the iguana's attack.
The centaur shoots an arrow.
You block the arrow.
The orc wizard casts a spell.
The orc wizard blinks!
You see here an arrow.
The iguana bites you!
* * * LOW HITPOINT WARNING * * *
The orc priest mumbles some strange prayers to Beogh against you.
Beogh smites you!
You die...

#### #c#....... ##.....##
#.#.......
##.......#######o#)......
................((#
#........oco..{####
#.........#o####
#........o#l#
#.........#.######
##.>.......@..>.....
##..........########.
............#
##..........###
#..........<..<.
...#.......##### ##
##.......# #..##.8.8.8.##
.............#


You could see an orc warrior, an iguana, an orc priest and 2 orc wizards.

Vanquished Creatures
  Sigmund (D:2)
  Edmund (D:6)
  Duvessa (D:6)
  A necrophage (D:4)
  A bullfrog (D:5)
  Dowan (D:6)
  A howler monkey (D:6)
  A hound (D:5)
  An orc wizard (D:6)
  2 worker ants
  Robin (D:2)
  7 adders
  2 worms
  2 dart slugs (D:1)
  3 leopard geckos
  14 orcs
  7 bats
  12 giant cockroaches
  10 hobgoblins
  5 kobolds
  A ball python (D:3)
  A frilled lizard (D:1)
  A giant cockroach zombie (D:6)
  20 goblins
  8 rats
105 creatures vanquished.

Vanquished Creatures (others)
  A human (D:3)
  An orc wizard (D:6)
2 creatures vanquished.

Grand Total: 107 creatures vanquished

Notes
Turn   | Place    | Note
-------+----------+-------------------------------------------
     0 | D:1      | DrKleor the Formicid Fighter began the quest for the Orb.
     0 | D:1      | Reached XP level 1. HP: 18/18 MP: 1/1
   211 | D:1      | Reached XP level 2. HP: 9/24 MP: 2/2
   626 | D:1      | Reached XP level 3. HP: 30/30 MP: 3/3
   962 | D:2      | Noticed Sigmund
   994 | D:2      | Killed Sigmund
   994 | D:2      | Reached skill level 5 in Fighting
   994 | D:2      | Reached skill level 4 in Long Blades
   994 | D:2      | Reached XP level 4. HP: 14/39 MP: 4/4
   994 | D:2      | Reached XP level 5. HP: 16/44 MP: 5/5
   994 | D:2      | Reached XP level 6. HP: 19/51 MP: 6/6
  1298 | D:2      | Found a basalt altar of Yredelemnul.
  1517 | D:2      | Noticed Robin
  1529 | D:2      | Killed Robin
  2234 | D:3      | Found an ancient bone altar of Kikubaaqudgha.
  2533 | D:3      | Found a white marble altar of Elyvilon.
  2537 | D:3      | Reached skill level 5 in Long Blades
  2604 | D:3      | Noticed a human
  2605 | D:3      | Killed a human
  3170 | D:4      | Noticed a necrophage
  3197 | D:4      | Killed a necrophage
  3197 | D:4      | Reached skill level 6 in Long Blades
  3197 | D:4      | Reached XP level 7. HP: 45/54 MP: 7/7
  3344 | D:4      | Found a shimmering altar of Xom.
  3345 | D:4      | Found a hazy altar of Hepliaklqana.
  3345 | D:4      | Noticed a soldier ant
  3346 | D:4      | Noticed a spectral ugly thing
  3346 | D:4      | Noticed a soldier ant
  3516 | D:4      | Found a blossoming altar of Fedhas.
  3606 | D:4      | Found an iron altar of Okawaru.
  3731 | D:4      | Became a worshipper of Warmaster Okawaru
  3738 | D:5      | Entered Level 5 of the Dungeon
  4448 | D:5      | Found a shadowy altar of Dithmenos.
  4619 | D:6      | Noticed Duvessa
  4641 | D:6      | Killed Duvessa
  4641 | D:6      | Reached skill level 7 in Long Blades
  4756 | D:6      | Noticed Edmund
  4782 | D:6      | Killed Edmund
  4782 | D:6      | Reached * piety under Okawaru
  4782 | D:6      | Reached XP level 8. HP: 34/60 MP: 8/8
  5053 | D:6      | Noticed Dowan
  5085 | D:6      | Killed Dowan
  5085 | D:6      | Reached skill level 8 in Long Blades
  5130 | D:6      | Found a hide-covered altar of Uskayaw.
  5196 | D:6      | Killed from afar by an orc priest

Levels and vault maps discovered:
D:1:      dpeg_arrival_more_subterranean_lakeside_camping, layout_basic
D:2:      layout_loops_corners, yredelemnul_altar_generic, uniq_robin,
          uniq_sigmund
D:3:      minmay_roachtagon, layout_rooms, overflow_temple_1_default,
          first_ration, tgw_kikubaaqudgha
D:4:      layout_cave_pools, overflow_temple_1_default, fedhas_altar_2,
          regret_index_temple_of_mockery
D:5:      layout_basic, lemuel_coloured_pillars_altar,
          chequers_serial_rivers_micro_a
D:6:      layout_rooms, eat_drink_and_be_merry_uskayaw, uniq_duvessa,
          uniq_edmund, uniq_crazy_yiuf_cottage

Skill      XL: |  1  2  3  4  5  6  7  8 |
---------------+-------------------------+-----
Fighting       | 5 |  5.3
Long Blades    | 4 6 7 8 |  8.4
Armour         | |  3.2
Shields        | |  3.6

Action                   |  1- 3 |  4- 6 |  7- 9 || total
-------------------------+-------+-------+-------++-------
Melee: Long sword        |    76 |   207 |   103 ||   386
Invok: Heroism           |       |       |     1 ||     1
 Abil: Dig               |     1 |       |     1 ||     2
Evoke: Wand              |       |     2 |       ||     2
  Use: Potion            |       |       |     1 ||     1
  Eat: Chunk             |       |     4 |     7 ||    11
       Ration            |       |     1 |       ||     1
Armor: Scale mail        |    40 |   104 |    23 ||   167
Dodge: Dodged            |    24 |    83 |    24 ||   131
Block: Shield            |    39 |   144 |    42 ||   225
       Rpst.: Long sword |     7 |    20 |     8 ||    35
